 Dungeon Crawl Stone Soup version 0.30-a0-964-gd452b5e7fa (webtiles) character file.

Game seed: 2308271051367785681

53 pokeman the Magician (level 3, 0/20 HPs)
             Began as a Deep Elf Hedge Wizard on Mar 30, 2023.
             Slain by an orc
             ... wielding a +0 dagger
              (4 damage)
             ... on level 1 of the Dungeon.
             The game lasted 00:02:51 (1467 turns).

pokeman the Magician (Deep Elf Hedge Wizard)        Turns: 1467, Time: 00:02:51

Health: 0/20       AC:  3    Str:  7    XL:     3   Next: 62%
Magic:  0/11       EV: 12    Int: 20    God:
Gold:   41         SH:  0    Dex: 14    Spells: 4/12 levels left

rFire   . . .      SeeInvis .    g - +2 dagger (speed)
rCold   . . .      Faith    .    (no shield)
rNeg    . . .      Spirit   .    b - +0 robe
rPois   .          Reflect  .    c - +0 hat
rElec   .          Rampage  .    (no cloak)
rCorr   .                        f - +0 pair of gloves
Will    .....                    (no boots)
Stlth   ++                       (no amulet)
HPRegen 0.23/turn                (no ring)
MPRegen 0.12/turn                (no ring)

@: no status effects
A: no striking features
a: no special abilities


You were on level 1 of the Dungeon.
You visited 1 branch of the dungeon, and saw 2 of its levels.

You collected 41 gold pieces.

Inventory:

Hand Weapons
 g - a +2 dagger of speed (weapon)
Armour
 b - a +0 robe (worn)
 c - a +0 hat (worn)
 f - a +0 pair of gloves (worn)
Scrolls
 a - a scroll of teleportation {unknown}
 e - 2 scrolls of identify {unknown}
Potions
 d - a potion of magic
 h - a potion of berserk rage {unknown}


   Skills:
 - Level 1.0 Fighting
 - Level 1.0 Armour
 + Level 2.4 Dodging
 + Level 2.4 Stealth
 * Level 5.3 Spellcasting
 + Level 2.0 Conjurations
 - Level 1.1 Summonings
 - Level 1.1 Translocations


You had 4 spell levels left.
You knew the following spells:

 Your Spells              Type           Power      Damage    Failure   Level
a - Magic Dart            Conj           52%        1d5       4%          1
b - Mephitic Cloud        Conj/Pois/Air  7%         N/A       26%         3
c - Call Imp              Summ           9%         N/A       11%         2
d - Blink                 Tloc           18%        N/A       11%         2

Your spell library contained the following spells:

 Spells                   Type           Power      Damage    Failure   Level
 Slow                     Hex            20%        N/A       12%         1
 Cigotuvi's Dreadful Rot  Necr/Pois/Air  10%        N/A       17%         2
 Ensorcelled Hibernation  Hex/Ice        10%        N/A       17%         2
 Spider Form              Tmut/Pois      5%         N/A       34%         3
 Anguish                  Hex/Necr       2%         N/A       75%         4


Dungeon Overview and Level Annotations

Branches:
Dungeon (2/15)

Altars:


Message History

Unknown command.
The orc attacks as you move away! The orc barely misses you.
The orc barely misses you. The orc attacks as you move away!
The orc hits you with a +0 dagger. The orc attacks as you move away!
The orc hits you with a +0 dagger.
* * * LOW HITPOINT WARNING * * *
The orc attacks as you move away! The orc barely misses you.
The orc attacks as you move away! The orc barely misses you.
The orc attacks as you move away! The orc barely misses you.
The orc attacks as you move away! The orc barely misses you.
The orc attacks as you move away! The orc hits you with a +0 dagger.
* * * LOW HITPOINT WARNING * * *
Casting: Call Imp (safe; 11% risk of failure)
Confirm with . or Enter, or press ? or * to list all spells.
The spell is extremely dangerous to miscast (26% risk of failure)!
Continue anyway?
Aiming: Mephitic Cloud (extremely dangerous; 26% risk of failure)
Press: ? - help, Shift-Dir - straight line, f - orc
Aim: an orc, wielding a +0 dagger and wearing a +0 leather armour (chance to affect: 96%) That beam is likely to hit you.
Continue anyway?
The ball explodes into a vile cloud!
The stinking cloud engulfs the orc but does no damage. x2
The stinking cloud engulfs you but does no damage.
The orc is engulfed in noxious fumes.
The orc appears confused.
The orc hits you with a +0 dagger.
* * * LOW HITPOINT WARNING * * *
The orc is engulfed in noxious fumes.
The orc appears confused.
Unknown command.
Unknown command.
You hit the orc.
The orc is lightly wounded.
You barely miss the orc.
The orc is lightly wounded.
The orc is engulfed in noxious fumes.
The orc appears confused.
The orc barely misses you.
The orc is engulfed in noxious fumes.
The orc hits the orc with a +0 dagger.
The orc hits itself with a +0 dagger.
You hit the orc.
The orc is heavily wounded.
The orc is engulfed in noxious fumes.
The orc appears confused.
The orc hits you with a +0 dagger.
You die...

#............#.###)
#......#.....#.###.
#..#.#.#...........
#..#.............#.
##......#.....#.....
#.................♣.
#.°°o...#####.#..♣_♣
#####..o°..######.#...♣.
#.....°@####§§§.###.....
#.......####.§§.###.....
#.......##<'§§≈§'.'.....
#.......##.'§§≈.'.'..###
#.......####§≈≈.####.#
#......## #....# #.###
#......# ###### #....
#......# #.#.. ########
####+#..


You could see 2 orcs.

Vanquished Creatures
  4 dart slugs (D:1)
  An orc (D:2)
  4 ball pythons (D:1)
  5 bats (D:1)
  4 endoplasms (D:1)
  5 goblins
  A hobgoblin (D:1)
  3 jackals (D:1)
  2 kobolds (D:1)
  2 quokkas (D:1)
  3 frilled lizards (D:1)
  2 rats (D:1)
36 creatures vanquished.

Vanquished Creatures (collateral kills)
  A goblin (D:2)
1 creature vanquished.

Grand Total: 37 creatures vanquished

Notes
Turn   | Place    | Note
-------+----------+-------------------------------------------
     0 | D:1      | pokeman the Deep Elf Hedge Wizard began the quest for the
                  | Orb.
     0 | D:1      | Reached XP level 1. HP: 10/10 MP: 7/7
    12 | D:1      | Found a faded altar of an unknown god.
   254 | D:1      | Reached XP level 2. HP: 16/16 MP: 5/9
   574 | D:1      | Reached skill level 5 in Spellcasting
   773 | D:1      | Reached XP level 3. HP: 20/20 MP: 8/11
   777 | D:1      | Learned a level 3 spell: Mephitic Cloud
   780 | D:1      | Learned a level 2 spell: Call Imp
   783 | D:1      | Learned a level 2 spell: Blink
  1256 | D:1      | Reached skill level 1 in Fighting
  1317 | D:1      | Reached skill level 1 in Armour
  1467 | D:1      | Slain by an orc

Illustrated notes

Levels and vault maps discovered:
D:1:      lightli_arrival_lavapool, layout_basic,
          chequers_ecumenical_altar_simple
D:2:      layout_rooms, serial_shops, nicolae_square_shop, shop, shop,
          minmay_pentomino_u2

Skill      XL: |  1  2  3 |
---------------+----------+-----
Spellcasting   | 5 |  5.3
Fighting       | 1 |  1.0
Armour         | 1 |  1.0
Conjurations   | 2 |  2.0
Dodging        | |  2.4
Stealth        | |  2.4
Summonings     | |  1.1
Translocations | |  1.1

Action                     || total
---------------------------++-------
  Melee: Dagger            ||     4
   Cast: Magic Dart        ||    94
         Mephitic Cloud    ||     1
         Blink             ||     1
         Call Imp          ||     1
 Armour: Robe              ||     7
  Dodge: Dodged            ||    23

Table legend: (Time is in decaauts)
 A = Elapsed time spent in this place.
 B = Non-inter-level travel time spent in this place.
 C = Inter-level travel time spent in this place.
 D = Time resting spent in this place.
 E = Time spent auto-exploring this place.
 F = Levels seen in this place.
 G = Mean time per level.
                   A        B        C        D        E       F      G
               +--------+--------+--------+--------+--------+-----+--------+
         Total |   1466 |   1416 |     50 |     40 |   1174 |   2 |  733.0 |
       Dungeon |   1466 |   1416 |     50 |     40 |   1174 |   2 |  733.0 |
               +--------+--------+--------+--------+--------+-----+--------+

Top non-repeatable levels by time:
     D:1: 1442 daAuts
     D:2: 23 daAuts
